 Dungeon Crawl Stone Soup version 0.27-a0-1502-g47ed6a6988 (webtiles) character file.

Game seed: 7626130678628363755

329 bande the Shield-Bearer (level 6, 0/38 HPs)
             Began as a Gargoyle Fighter on July 9, 2021.
             Killed from afar by an electric eel (1 damage)
             ... with a bolt of electricity
             ... on level 4 of the Dungeon.
             The game lasted 00:06:44 (4784 turns).

bande the Shield-Bearer (Gargoyle Fighter)          Turns: 4784, Time: 00:06:45

Health: 0/38       AC: 21    Str: 20    XL:     6   Next: 50%
Magic:  6/6        EV:  4    Int:  9    God:
Gold:   141        SH: 15    Dex: 10    Spells: 5/5 levels left

rFire    + . .     SeeInvis +   a - +0 war axe
rCold    . . .     Faith    .   c - +1 kite shield
rNeg     + . .     Spirit   .   n - +2 plate armour {rF+}
rPois    ∞         Reflect  +   (no helmet)
rElec    +         Harm     .   e - +2 cloak {rCorr}
rCorr    +         Rampage  .   (no gloves)
Will     .....                  (no boots)
Stlth    ..........             i - amulet of reflection
HPRegen  0.12/turn              l - ring of see invisible
MPRegen  0.10/turn              (no ring)

@: mighty
A: sickness immunity, AC +4, negative energy resistance 1, electricity
resistance, torment resistance 1, petrification resistance
a: no special abilities


You were on level 4 of the Dungeon.
You visited 1 branch of the dungeon, and saw 4 of its levels.

You collected 141 gold pieces.

Inventory:

Hand Weapons
 a - a +0 war axe (weapon)
 o - a +0 flail
Armour
 c - a +1 kite shield (worn)
 e - a +2 cloak of preservation (worn)
 n - a +2 plate armour of fire resistance (worn)
Jewellery
 b - a ring of magical power
 i - an amulet of reflection (around neck)
 l - a ring of see invisible (left hand)
Wands
 s - a wand of flame (12)
Scrolls
 f - a scroll of amnesia
 h - 6 scrolls of identify
 p - a scroll of teleportation
Potions
 d - 2 potions of might
 j - 3 potions of brilliance
 k - a potion of cancellation
 m - a potion of degeneration {unknown}
 q - 2 potions of lignification {unknown}
 r - a potion of heal wounds {unknown}


   Skills:
 + Level 4.2 Fighting
 + Level 3.9 Axes
 + Level 4.4 Armour
 + Level 1.0 Dodging
 + Level 4.6 Shields


You had 5 spell levels left.
You didn't know any spells.
Your spell library contained the following spells:

 Spells                   Type           Power      Damage    Failure   Level
 Animate Skeleton         Necr           0%         N/A       100%        1
 Beastly Appendage        Tmut           0%         N/A       100%        1
 Pain                     Necr           0%         1d4       100%        1
 Ensorcelled Hibernation  Hex/Ice        0%         N/A       100%        2
 Static Discharge         Conj/Air       0%         N/A       100%        2
 Wereblood                Tmut           0%         N/A       100%        2
 Conjure Flame            Conj/Fire      0%         6-21      100%        3
 Gell's Gravitas          Tloc           0%         N/A       100%        3
 Ignite Poison            Fire/Tmut/Pois 0%         N/A       100%        3
 Lesser Beckoning         Tloc           0%         N/A       100%        3
 Spider Form              Tmut/Pois      0%         N/A       100%        3
 Teleport Other           Tloc           0%         N/A       100%        3
 Vampiric Draining        Necr           0%         2d6       100%        3
 Dispel Undead            Necr           0%         3d6       100%        4
 Petrify                  Tmut/Erth      0%         N/A       100%        4
 Sticky Flame             Conj/Fire      0%         2d3       100%        4
 Summon Lightning Spire   Summ/Air       0%         N/A       100%        4
 Irradiate                Conj/Tmut      0%         3d13      100%        5
 Lightning Bolt           Conj/Air       0%         1d11      100%        5
 Shadow Creatures         Summ           N/A        N/A       100%        6
 Maxwell's Capacitive Co  Air            0%         ∞         100%        8
 Sublimation of Blood     Necr           Unusable   N/A       N/A         2

Dungeon Overview and Level Annotations

Branches:
Dungeon (4/15)
 Temple: D:4-7

Altars:
Uskayaw

Annotations:
D:4 1 transporter


Innate Abilities, Weirdness & Mutations

You are immune to sickness and miasma.
Your stone body is resilient. (AC +4)
You are immune to poison.
You resist negative energy. (rN+)
You are resistant to electric shocks. (rElec)
You are resistant to unholy torment.
You are immune to petrification.


Message History

The electric eel completely resists.
The bolt of electricity hits the electric eel.
The electric eel completely resists.
The electric eel shoots out a bolt of lightning at you!
The bolt of electricity misses you. x2
Unknown command.
You feel better.
The electric eel shoots out a bolt of lightning at you!
The bolt of electricity hits you. You resist.
The bolt of electricity hits the electric eel.
The electric eel completely resists.
The bolt of electricity hits the electric eel.
The electric eel completely resists.
The bolt of electricity hits you. You resist.
The electric eel shoots out a bolt of lightning at you!
The bolt of electricity hits you. You resist.
* * * LOW HITPOINT WARNING * * *
The bolt of electricity hits the electric eel.
The electric eel completely resists.
The bolt of electricity hits the electric eel.
The electric eel completely resists.
You feel very mighty all of a sudden.
The electric eel shoots out a bolt of lightning at you!
The bolt of electricity hits you. You resist.
* * * LOW HITPOINT WARNING * * *
The bolt of electricity hits the electric eel.
The electric eel completely resists.
The bolt of electricity hits the electric eel.
The electric eel completely resists.
The bolt of electricity hits you. You resist.
* * * LOW HITPOINT WARNING * * *
You slice the electric eel!!
You kill the electric eel!
You hear a splash.
You closely miss the electric eel.
The electric eel shoots out a bolt of lightning at you!
The bolt of electricity hits you. You resist.
* * * LOW HITPOINT WARNING * * *
The bolt of electricity hits you. You resist.
You die...

...###.....##..#............#
#..# ##)......<...####...)..#
#.## #.....##........P≈P...#####
..#####.)#.....©....)≈≈P..P.....#
............#######[.≈≈PPPPPP....
######.#.#..#8.©.8#..≈≈≈≈♣≈P≈P.##
#...#.#..#≈...P#...PPP≈≈≈♣PPPP
##.#......###'###....PP..≈≈♣≈≈P
###..).#.#..#;..@†#.###...P.PP♣≈≈
.......#.#..#≈...;#.# #.#.##PP♣≈♣
.....###....#≈...≈#.# #.#.#P.PP♣♣
.######.....#≈.♣.≈#.# #.#(#.PP♣≈≈
## ##....##.#≈...≈#.###....PP≈♣♣♣
####..>#.##.#≈...≈#.##≈PP≈P≈♣≈≈≈P
.<....##.##.#≈...≈#.#P.≈≈≈≈♣≈♣≈P≈
.....###.##.###+###.#≈≈≈♣P≈≈PPPP#
##.......##.#P.(.P#.#PP≈.P≈≈≈P###


You could see 2 electric eels.

Vanquished Creatures
  An ogre (D:4)
  A scorpion (D:4)
  An electric eel (D:4)
  A mummy (D:4)
  3 gnolls (D:3)
  4 adders
  4 worms (D:2)
  2 dart slugs (D:3)
  5 orcs
  9 endoplasms
  4 giant cockroaches
  7 goblins
  5 hobgoblins
  10 jackals
  2 quokkas
  6 ball pythons
  3 bats
  2 hobgoblin zombies (D:4)
  7 kobolds
  2 orc zombies (D:4)
  10 rats
89 creatures vanquished.

Vanquished Creatures (others)
  8 plants (D:4)
8 creatures vanquished.

Grand Total: 97 creatures vanquished

Notes
Turn   | Place    | Note
-------+----------+-------------------------------------------
     0 | D:1      | bande the Gargoyle Fighter began the quest for the Orb.
     0 | D:1      | Reached XP level 1. HP: 14/14 MP: 1/1
    27 | D:1      | Got Fegraplu's Volume of Conjuration and Illusion
    57 | D:1      | Found a faded altar of an unknown god.
   109 | D:1      | Reached XP level 2. HP: 14/19 MP: 2/2
  1001 | D:2      | Reached XP level 3. HP: 16/23 MP: 3/3
  1327 | D:2      | Identified a scroll of acquirement
  1327 | D:2      | Acquired a +2 cloak of preservation
  1951 | D:2      | Reached XP level 4. HP: 29/29 MP: 4/4
  2907 | D:3      | Reached XP level 5. HP: 33/33 MP: 5/5
  3387 | D:3      | Found a hide-covered altar of Uskayaw.
  3991 | D:4      | Found a transporter.
  4023 | D:4      | Found a transporter.
  4024 | D:4      | Noticed an ogre
  4037 | D:4      | Killed an ogre
  4038 | D:4      | Reached XP level 6. HP: 2/38 MP: 6/6
  4440 | D:4      | Reached skill level 1 in Dodging
  4784 | D:4      | HP: 1/38 [electric eel/bolt of electricity (4)]
  4784 | D:4      | Killed from afar by an electric eel

Illustrated notes

Levels and vault maps discovered:
D:1:      lemuel_arrival_river_bridge, layout_basic,
          ebering_ecumenical_altar_mist, minmay_quantized
D:2:      minmay_evil_eye, layout_basic, minmay_ruptured
D:3:      layout_loops_cross, general_overflow_altar
D:4:      gammafunk_steamed_eel, layout_rooms, serial_bayou,
          serial_bayou_lake_a, serial_bayou_crossing, serial_bayou_lagoon_b,
          serial_bayou_lagoon_a, minmay_mini_ossuary

Skill      XL: |  1  2  3  4  5  6 |
---------------+-------------------+-----
Axes           | 2 3 |  3.9
Armour         | 4 |  4.4
Fighting       | 4 |  4.2
Shields        | 4 |  4.6
Dodging        | 1 |  1.0

Action                   |  1- 3 |  4- 6 || total
-------------------------+-------+-------++-------
Melee: War axe           |   111 |   158 ||   269
  Use: Scroll            |     6 |     3 ||     9
       Potion            |       |     5 ||     5
Armor: Scale mail        |    47 |    50 ||    97
       Plate armour      |       |    21 ||    21
Dodge: Dodged            |    31 |    44 ||    75
Block: Kite shield       |    57 |   144 ||   201
       Reflection        |       |     1 ||     1

Table legend: (Time is in decaauts)
 A = Elapsed time spent in this place.
 B = Non-inter-level travel time spent in this place.
 C = Inter-level travel time spent in this place.
 D = Time resting spent in this place.
 E = Time spent auto-exploring this place.
 F = Levels seen in this place.
 G = Mean time per level.
                   A        B        C        D        E       F      G
               +--------+--------+--------+--------+--------+-----+--------+
         Total |   5003 |   4944 |     59 |   1076 |   2992 |   4 | 1250.8 |
       Dungeon |   5003 |   4944 |     59 |   1076 |   2992 |   4 | 1250.8 |
               +--------+--------+--------+--------+--------+-----+--------+

Top non-repeatable levels by time:
     D:2: 1805 daAuts
     D:3: 1241 daAuts
     D:4: 982 daAuts
     D:1: 973 daAuts
